 Dungeon Crawl Stone Soup version 0.31-a0-1237-gabc64e778c (webtiles) character file.

Game seed: 15906474788726043190

33170 jasper the Blocker (level 13, -1/103 HPs)
             Began as a Demonspawn Hedge Wizard on Dec 15, 2023.
             Was an Elder of Vehumet.
             Killed from afar by an eleionoma (27 damage)
             ... with a spray of wooden splinters
             ... on level 3 of the Lair of Beasts.
             The game lasted 00:27:42 (19053 turns).

jasper the Blocker (Demonspawn Hedge Wizard)       Turns: 19053, Time: 00:27:43

Health: -1/103     AC: 11    Str: 12    XL:     13   Next: 35%
Magic:  2/27       EV: 19    Int: 27    God:    Vehumet [****..]
Gold:   852        SH: 11    Dex: 12    Spells: 17/32 levels left

rFire   . . .        B - +3 spear (venom)
rCold   . . .        I - +0 kite shield
rNeg    + + +        y - +0 steam dragon scales
rPois   .            w - +1 helmet
rElec   .            u - +1 cloak
rCorr   .            (no gloves)
SInv    .            g - +1 pair of boots of Privacy {rN+++ Int+4 Slay-5}
Will    .....        (no amulet)
Stlth   ++           e - ring of wizardry
HPRegen 0.37/turn    h - +5 ring of evasion
MPRegen 0.20/turn

%: wizardry (x1)
@: no status effects
A: claws 2, demonic guardian 2, foul stench 2, big brain 2
a: Renounce Religion


You were on level 3 of the Lair of Beasts.
You worshipped Vehumet.
Vehumet was greatly pleased with you.
You visited 3 branches of the dungeon, and saw 15 of its levels.

You collected 852 gold pieces.

Inventory:

Hand Weapons
 a - a +0 dagger
 r - a +0 spectral flail
 B - a +3 spear of venom (weapon)
 H - a +1 spear of distortion
 O - a +1 scimitar of flaming
Missiles
 Q - 3 throwing nets
Armour
 b - a +0 robe
 c - a +0 hat
 g - the +1 pair of boots of Privacy (worn) {rN+++ Int+4 Slay-5}
   (You acquired it on level 2 of the Dungeon)

   Int+4:     It affects your intelligence (+4).
   Slay-5:    It affects your accuracy & damage with ranged weapons and melee
   (-5).
   rN+++:     It renders you almost immune to negative energy.
 u - a +1 cloak (worn)
 w - a +1 helmet (worn)
 y - +0 steam dragon scales (worn)
 I - a +0 kite shield (worn)
Magical Staves
 o - a staff of air
 z - a staff of air
Jewellery
 e - a ring of wizardry (left claw)
 h - a +5 ring of evasion (right claw)
 v - an amulet of guardian spirit
 C - a ring of positive energy
 F - a ring of positive energy
 J - a ring of flight
 K - an amulet of the acrobat
 L - a +6 ring of dexterity
 N - a ring of positive energy
Wands
 d - a wand of mindburst (8)
 t - a wand of roots (5)
 A - a wand of polymorph (9)
 G - a wand of flame (26)
Scrolls
 m - 3 scrolls of teleportation
 p - 2 scrolls of silence
 q - 2 scrolls of enchant weapon
 x - 2 scrolls of enchant armour
 R - a scroll of poison
Potions
 f - a potion of heal wounds
 i - 3 potions of degeneration
 j - 2 potions of brilliance
 k - 2 potions of lignification
 l - 5 potions of curing
 n - 3 potions of mutation
 s - 2 potions of might {unknown}
 D - a potion of enlightenment {unknown}
 E - 2 potions of magic
 M - a potion of ambrosia {unknown}
 P - a potion of experience {unknown}


   Skills:
 - Level 10.0 Fighting
 + Level 9.6 Dodging
 - Level 1.7 Stealth
 - Level 10.0 Shields
 - Level 10.0 Spellcasting
 - Level 8.0 Conjurations
 - Level 1.0 Summonings
 - Level 0.8 Translocations
 - Level 7.0 Earth Magic


You had 17 spell levels left.
You knew the following spells:

 Your Spells              Type           Power      Damage    Failure   Level
b - Blink                 Tloc           36%        N/A       4%          2
c - Fireball              Conj/Fire      17%        3d9       6%          5
d - Cigotuvi's Dreadful   Necr/Pois/Air  26%        N/A       7%          2
e - Mephitic Cloud        Conj/Pois/Air  27%        N/A       1%          3
f - Stone Arrow           Conj/Erth      100%       3d13      1%          3

Your spell library contained the following spells:

 Spells                   Type           Power      Damage    Failure   Level
 Kiss of Death            Conj/Necr      100%       2d13      1%          1
 Magic Dart               Conj           100%       1d8       1%          1
 Slow                     Hex            52%        N/A       4%          1
 Call Imp                 Summ           36%        N/A       4%          2
 Ensorcelled Hibernation  Hex/Ice        26%        N/A       7%          2
 Jinxbite                 Hex            26%        N/A       7%          2
 Animate Armour           Summ/Erth      70%        N/A       9%          4
 Confusing Touch          Hex            13%        N/A       13%         3
 Sigil of Binding         Hex            13%        N/A       13%         3
 Vampiric Draining        Necr           13%        2d6       13%         3
 Anguish                  Hex/Necr       6%         N/A       38%         4
 Animate Dead             Necr           13%        N/A       38%         4
 Dispel Undead            Necr           13%        3d9       38%         4
 Lehudib's Crystal Spear  Conj/Erth      26%        10d7      90%         8
 Haunt                    Necr/Summ      8%         N/A       100%        7
 Borgnjor's Revivificati  Necr           6%         N/A       100%        8
 Infestation              Necr           6%         N/A       100%        8
 Death's Door             Necr           6%         N/A       100%        9


Dungeon Overview and Level Annotations

Branches:
Dungeon (11/15)            Temple (1/1) D:5            Lair (3/5) D:11
  Swamp (0/4) Lair:3        Snake (0/4) Lair:2
    Orc: D:9-12

Altars:
Ashenzari
Cheibriados
Dithmenos
Fedhas
Gozag
Hepliaklqana
Kikubaaqudgha
Makhleb
Nemelex Xobeh
Okawaru
Qazlal
Ru
Sif Muna
Trog
Uskayaw
Vehumet
Wu Jian
Xom
Yredelemnul
Lugonu

Portals:
Abyss: D:7

Annotations:
D:7 2 transporters, kd29's ghost, novice TrSh
D:9 3 runed translucent doors
Lair:3 Rupert


Innate Abilities, Weirdness & Mutations

You have very sharp fingernails.
A demonic guardian rushes to your aid.
You sometimes emit foul miasma when damaged in melee.
You have an extremely huge brain. (Int +4)


Message History

You hit the eleionoma but do no damage.
The eleionoma looks as sick as possible!
The eleionoma is severely wounded.
The eleionoma touches a tree and draws upon its vitality.
The eleionoma is healed.
You hit the eleionoma but do no damage.
The eleionoma looks as sick as possible!
The eleionoma is lightly wounded.
You block the eleionoma's attack.
The eleionoma hurls a spray of splinters at you.
The spray of wooden splinters misses you.
You hit the eleionoma but do no damage.
The eleionoma looks as sick as possible!
The eleionoma is lightly wounded.
The eleionoma misses you.
You hit the eleionoma.
The eleionoma looks as sick as possible!
The eleionoma is moderately wounded.
The eleionoma misses you.
Aiming: Stone Arrow (safe; 1% risk of failure)
Press: ? - help, Q - select action, (/) - cycle Shift-Dir - straight line, f/p - eleionoma
Aim: an eleionoma (thin mist, moderately wounded, extremely poisoned, 78% to hit)
The stone arrow hits the eleionoma!!
The eleionoma is heavily wounded.
The eleionoma hits you!
* * * LOW HITPOINT WARNING * * *
You take 11 damage, and have 25/103 hp.
You now have 1/27 mp.
You barely miss the eleionoma.
The eleionoma is severely wounded.
The eleionoma closely misses you.
You hit the eleionoma.
The eleionoma looks as sick as possible!
The eleionoma is severely wounded.
The eleionoma touches a tree and draws upon its vitality.
The eleionoma is healed.
The eleionoma barely misses you.
You hit the eleionoma but do no damage.
The eleionoma looks as sick as possible!
The eleionoma hurls a spray of splinters at you.
The spray of wooden splinters hits you!!
You die...

.........#
.......... .
.........#....#...#
#.........#.#.#.<##
.....~.♣#§.#.#...#
...♣~~♣.......#
♣§♣§♣♣♣......#
..~♣@>§~~......#
♣§R§§~~......##
#...♣.~~♣.......P#
#......~♣........##
#......♣#+##.##..#
..#....## ####..###
. .....
..###.P....# ......
#.....+..### ..
...P#...###


You could see an eleionoma (extremely poisoned).

Vanquished Creatures
  Gastronok (Lair:3)
  Harold (Lair:2)
  7 two-headed ogres
  2 hydras
  A catoblepas (Lair:2)
  Erica (Lair:2)
  2 death yaks (Lair:3)
  Nergalle (Lair:2)
  A skyshark (Lair:2)
  Maurice (D:10)
  2 cyclopes (D:11)
  An unseen horror (D:10)
  2 gargoyles (D:11)
  A black mamba (Lair:2)
  4 cane toads
  4 komodo dragons
  A tyrant leech (Lair:1)
  A troll (D:11)
  A polar bear (Lair:2)
  Prince Ribbit (Lair:1)
  15 blink frogs
  2 shadows
  A wyvern (D:11)
  4 wraiths
  2 basilisks
  26 yaks
  2 steam dragons
  A vampire mosquito (D:11)
  4 swamp worms (Lair:1)
  2 nagas (Lair:2)
  12 water moccasins
  3 orc warriors
  3 ice beasts
  A sky beast (D:7)
  4 black bears
  7 wolves
  2 ogres
  6 centaurs
  2 kobold brigands
  A phantom (D:6)
  2 gnoll sergeants
  5 bullfrogs
  3 scorpions
  2 killer bees (D:11)
  5 howler monkeys
  An electric eel (Lair:1)
  2 jellies
  7 orc priests
  3 hounds
  An iguana (D:6)
  2 sleepcaps
  9 orc wizards
  Robin (D:3)
  18 gnolls
  8 adders
  A shadow imp (D:6)
  3 white imps
  5 ufetubi
  A worm (D:2)
  20 orcs
  10 endoplasms
  4 giant cockroaches
  14 goblins
  4 hobgoblins
  11 kobolds
  8 quokkas
  4 ball pythons
  4 bats
  2 frilled lizards (D:2)
  4 rats
  2 lurking horrors (D:7)
302 creatures vanquished.

Vanquished Creatures (collateral kills)
  3 death yaks (Lair:3)
  A skyshark (Lair:2)
  4 blink frogs
  A centaur (D:6)
  A killer bee (D:11)
  An iguana (D:4)
  A gnoll (D:2)
  An ufetubus (D:5)
  An orc (D:6)
  A ball python (D:4)
15 creatures vanquished.

Grand Total: 317 creatures vanquished

Notes
Turn   | Place    | Note
-------+----------+-------------------------------------------
     0 | D:1      | jasper the Demonspawn Hedge Wizard began the quest for the
                  | Orb.
     0 | D:1      | Reached XP level 1. HP: 13/13 MP: 4/4
   217 | D:1      | Reached skill level 1 in Fighting
   285 | D:1      | Gained mutation: You have an unusually large brain. (Int
                  | +2) [demonic ancestry]
   285 | D:1      | Reached XP level 2. HP: 21/21 MP: 4/6
   301 | D:1      | Learned a level 2 spell: Blink
   304 | D:1      | Learned a level 2 spell: Call Imp
   307 | D:1      | Learned a level 2 spell: Cigotuvi's Dreadful Rot
  1297 | D:1      | Reached XP level 3. HP: 27/27 MP: 5/8
  2159 | D:2      | Gained mutation: You may rarely emit foul miasma when
                  | damaged in melee. [demonic ancestry]
  2159 | D:2      | Reached XP level 4. HP: 34/34 MP: 3/9
  2809 | D:2      | Identified a scroll of acquirement
  2809 | D:2      | Acquired the +1 pair of boots of Privacy {rN+++ Int+4
                  | Slay-5}
  2820 | D:2      | Learned a level 3 spell: Mephitic Cloud
  3585 | D:3      | Identified the +5 scale mail "Nucoos" {Rampage rElec rPois
                  | Stlth-}
  3868 | D:4      | Noticed Robin
  3878 | D:3      | Killed Robin
  3879 | D:3      | Gained mutation: A weak demonic guardian rushes to your
                  | aid. [demonic ancestry]
  3879 | D:3      | Reached XP level 5. HP: 33/41 MP: 5/11
  4832 | D:4      | Found a sacrificial altar of Ru.
  4847 | D:4      | Noticed an ogre
  4855 | D:4      | Killed an ogre
  4856 | D:4      | Reached skill level 5 in Spellcasting
  4856 | D:4      | Gained mutation: You have sharp fingernails. [demonic
                  | ancestry]
  4856 | D:4      | Reached XP level 6. HP: 48/48 MP: 8/13
  5049 | D:4      | Learned a level 3 spell: Stone Arrow
  5108 | D:5      | Entered Level 5 of the Dungeon
  5505 | D:5      | Reached skill level 1 in Earth Magic
  5705 | D:5      | Found a snail-covered altar of Cheibriados.
  5789 | D:5      | Reached XP level 7. HP: 54/54 MP: 0/14
  6476 | D:5      | Found a staircase to the Ecumenical Temple.
  6487 | Temple   | Entered the Ecumenical Temple
  6520 | Temple   | Became a worshipper of Vehumet
  6981 | D:5      | Found a hide-covered altar of Uskayaw.
  7166 | D:6      | Found a hazy altar of Hepliaklqana.
  7171 | D:6      | Noticed a yak
  7389 | D:6      | Reached XP level 8. HP: 60/60 MP: 8/15
  7454 | D:6      | Reached skill level 5 in Conjurations
  7883 | D:6      | Reached skill level 5 in Earth Magic
  8166 | D:6      | Found an ornate altar of the Wu Jian Council.
  8190 | D:6      | Found an opulent altar of Gozag.
  8190 | D:6      | Found a shimmering blue altar of Sif Muna.
  8192 | D:6      | Found an iron altar of Okawaru.
  8192 | D:6      | Found a shimmering altar of Xom.
  8192 | D:6      | Found a burning altar of Makhleb.
  8638 | D:6      | Gained mutation: You have an extremely huge brain. (Int +4)
                  | [demonic ancestry]
  8638 | D:6      | Reached XP level 9. HP: 58/65 MP: 7/16
  9085 | D:7      | Reached * piety under Vehumet
  9085 | D:7      | Offered knowledge of Shock by Vehumet.
  9392 | D:7      | Found a corrupted altar of Lugonu.
  9519 | D:7      | Found a one-way gate to the infinite horrors of the Abyss.
  9664 | D:7      | Found a transporter.
  9666 | D:7      | Noticed kd29's ghost (novice TrSh)
  9671 | D:7      | Found a transporter.
  9671 | D:7      | Identified the +3 giant club of Doys {flame, Str+5}
  9888 | D:7      | Reached skill level 5 in Fighting
 10837 | D:8      | Found a bloodstained altar of Trog.
 10941 | D:9      | Found a runed translucent door.
 10946 | D:9      | Found a runed translucent door.
 10985 | D:9      | Found a runed translucent door.
 10991 | D:9      | Found a stormy altar of Qazlal.
 11026 | D:9      | Noticed a two-headed ogre
 11058 | D:9      | Reached XP level 10. HP: 76/76 MP: 16/19
 11183 | D:10     | Entered Level 10 of the Dungeon
 11527 | D:10     | Found a broken altar of Ashenzari.
 11634 | D:10     | Noticed a two-headed ogre
 11637 | D:10     | Killed a two-headed ogre
 11637 | D:10     | Reached ** piety under Vehumet
 11637 | D:10     | Offered knowledge of Static Discharge by Vehumet.
 11745 | D:10     | Reached skill level 5 in Dodging
 12114 | D:10     | Found a basalt altar of Yredelemnul.
 12115 | D:10     | Noticed Maurice
 12119 | D:10     | Killed Maurice
 12287 | D:10     | Found a burning altar of Makhleb.
 12505 | D:11     | Noticed a gargoyle
 12507 | D:11     | Killed a gargoyle
 12548 | D:11     | Noticed a two-headed ogre
 12552 | D:11     | Killed a two-headed ogre
 12632 | D:11     | Noticed a cyclops
 12633 | D:11     | Noticed a two-headed ogre
 12635 | D:11     | Killed a cyclops
 12638 | D:11     | Killed a two-headed ogre
 12639 | D:11     | Gained mutation: You sometimes emit foul miasma when
                  | damaged in melee. [demonic ancestry]
 12639 | D:11     | Reached XP level 11. HP: 86/86 MP: 7/22
 12832 | D:11     | Noticed a two-headed ogre
 12842 | D:11     | Killed a two-headed ogre
 12981 | D:11     | Reached skill level 1 in Shields
 13012 | D:11     | Noticed a two-headed ogre
 13016 | D:11     | Killed a two-headed ogre
 13081 | D:11     | Noticed a two-headed ogre
 13173 | D:11     | Killed a two-headed ogre
 13179 | D:11     | Noticed a two-headed ogre
 13189 | D:11     | Killed a two-headed ogre
 13190 | D:11     | Reached skill level 5 in Shields
 13530 | D:11     | Offered knowledge of Volatile Blastmotes by Vehumet.
 13664 | D:11     | Noticed a two-headed ogre
 13664 | D:11     | Noticed a boulder beetle
 13672 | D:11     | Found a staircase to the Lair.
 13800 | Lair:1   | Entered Level 1 of the Lair of Beasts
 14419 | Lair:1   | Noticed Prince Ribbit
 14432 | Lair:1   | Reached *** piety under Vehumet
 14435 | Lair:1   | Killed Prince Ribbit
 14896 | Lair:1   | Gained mutation: A demonic guardian rushes to your aid.
                  | [demonic ancestry]
 14896 | Lair:1   | Reached XP level 12. HP: 76/93 MP: 8/24
 15304 | Lair:2   | Noticed Erica
 15312 | Lair:2   | Killed Erica
 15659 | Lair:2   | Noticed Harold
 15664 | Lair:2   | Killed Harold
 15751 | Lair:2   | Reached skill level 10 in Shields
 15841 | Lair:2   | Found a staircase to the Snake Pit.
 15851 | Lair:2   | Offered knowledge of Fulminant Prism by Vehumet.
 16058 | Lair:2   | Noticed a six-headed hydra
 16071 | Lair:2   | Killed a six-headed hydra
 17018 | Lair:2   | Noticed a catoblepas
 17033 | Lair:2   | Killed a catoblepas
 17366 | Lair:2   | Noticed Nergalle
 17380 | Lair:2   | Killed Nergalle
 18156 | Lair:3   | Noticed a four-headed hydra
 18161 | Lair:3   | Killed a four-headed hydra
 18162 | Lair:3   | Gained mutation: You have very sharp fingernails. [demonic
                  | ancestry]
 18162 | Lair:3   | Reached XP level 13. HP: 103/103 MP: 20/26
 18174 | Lair:3   | Reached **** piety under Vehumet
 18183 | Lair:3   | Offered knowledge of Fireball by Vehumet.
 18184 | Lair:3   | Reached skill level 10 in Fighting
 18320 | Lair:3   | Learned a level 5 spell: Fireball
 18428 | Lair:3   | Noticed Gastronok
 18437 | Lair:3   | Killed Gastronok
 18605 | Lair:3   | Reached skill level 10 in Spellcasting
 18883 | Lair:3   | Noticed Rupert
 19023 | Lair:3   | Found a staircase to the Swamp.
 19031 | Lair:3   | Noticed an eleionoma
 19053 | Lair:3   | Killed from afar by an eleionoma

Illustrated notes

Levels and vault maps discovered:
D:1:      amcnicky_arrival_wind_blow, layout_basic
D:2:      wad_woods_tower, layout_basic, corexii_item_surrounded_by_moat
D:3:      layout_basic, grunt_decor_mini_mirrors, grunt_decor_one_mirror
D:4:      layout_basic, mainiacjoe_overflow_catwalk, uniq_robin
D:5:      layout_basic, mainiacjoe_overflow_alcove_2,
          mainiacjoe_overflow_boulevard, minmay_temple_entry_slanted
D:6:      layout_loops_cross, doesnt_xom_only_xom,
          nicolae_hepliaklqana_hazy_memory
D:7:      layout_loops_ring, gammafunk_ghost_smash,
          amcnicky_altar_lugonu_corruption
D:8:      layout_rooms, zin_scriptorium, kennysheep_little_box, minivault_27
D:9:      nicolae_cairo_tiling_large, layout_long_grid,
          mainiacjoe_overflow_concentric_impassable, serial_shops,
          nicolae_shop_advertising_works [nicolae_subvault_shop_adworks],
          minivault_23, hangedman_decor_push, minmay_statue_crystal_thing
D:10:     layout_long_grid, lemuel_tele_altar, kennysheep_mini,
          ashenzari_conservatory_becter, st_stairs_7, uniq_maurice
D:11:     nzn_winding_woodlands_huge [nzn_winding_woodlands_5x15_crooked,
          nzn_winding_woodlands_5x15_pockets,
          nzn_winding_woodlands_5x15_default, nzn_winding_woodlands_5x15_cabin,
          nzn_winding_woodlands_5x15_zeroes,
          nzn_winding_woodlands_5x15_split_checker,
          nzn_winding_woodlands_5x15_concentric, nzn_winding_woodlands_5x15_eye,
          nzn_winding_woodlands_5x15_garden, nzn_winding_woodlands_5x15_twine,
          nzn_winding_woodlands_center_pierced_h,
          nzn_winding_woodlands_center_lodge,
          nzn_winding_woodlands_15x15_eel_pit], layout_rooms,
          david_lair_shrubbed, orc_0_dummy,
          nicolae_gozag_cash_rules_everything_around_me
Temple:   bh_familiar_temple
Lair:1:   layout_roguey, minivault_26, worms_lemuel, grunt_megastairs_2,
          serial_bayou_shore_b, serial_bayou_shore_a, uniq_prince_ribbit2
Lair:2:   hellmonk_destroyed_diamonds, layout_long_grid,
          guppyfry_snake_entry_island, uniq_nergalle, uniq_harold, uniq_erica
Lair:3:   layout_regular_city, alex1729_swamp_entry_worm_eleionoma,
          hibernation_bobbens, infiniplex_staircase_pool_2, uniq_fannar,
          uniq_rupert, uniq_gastronok

Skill      XL: |  1  2  3  4  5  6  7  8  9 10 11 12 13 |
---------------+----------------------------------------+-----
Fighting       | 1 2 3 4 5 7 8 9 10 | 10.0
Spellcasting   | 4 5 6 7 8 9 10 | 10.0
Earth Magic    | 2 4 6 7 |  7.0
Conjurations   | 2 4 7 8 |  8.0
Dodging        | 3 6 8 9 |  9.6
Shields        | 8 10 | 10.0
Stealth        | |  1.7
Summonings     | |  1.0
Translocations | |  0.8

Action                     |  1- 3 |  4- 6 |  7- 9 | 10-12 | 13-15 || total
---------------------------+-------+-------+-------+-------+-------++-------
  Melee: Dagger            |    27 |       |       |       |       ||    27
         Flail             |       |    39 |       |       |       ||    39
         Spear             |       |       |   154 |   213 |    33 ||   400
         Punch             |       |       |     1 |       |       ||     1
   Cast: Magic Dart        |   102 |   143 |     4 |       |       ||   249
         Call Imp          |     1 |     2 |       |       |       ||     3
         Blink             |     1 |     1 |       |       |       ||     2
         Mephitic Cloud    |       |     2 |     2 |       |     1 ||     5
         Stone Arrow       |       |    13 |   116 |   278 |    53 ||   460
  Evoke: Wand              |       |     1 |    10 |     5 |       ||    16
    Use: Scroll            |       |     1 |    15 |     3 |     2 ||    21
         Potion            |       |     1 |     2 |     2 |       ||     5
   Stab: Confused          |       |       |     1 |       |       ||     1
 Armour: Robe              |    23 |    73 |    91 |       |       ||   187
         Steam dragon scal |       |       |    21 |   177 |    32 ||   230
         Skin              |       |       |       |    11 |       ||    11
  Dodge: Dodged            |    34 |    94 |   140 |   229 |    22 ||   519
  Block: Kite shield       |       |       |       |   161 |    26 ||   187

Table legend: (Time is in decaauts)
 A = Elapsed time spent in this place.
 B = Non-inter-level travel time spent in this place.
 C = Inter-level travel time spent in this place.
 D = Time resting spent in this place.
 E = Time spent auto-exploring this place.
 F = Levels seen in this place.
 G = Mean time per level.
                   A        B        C        D        E       F      G
               +--------+--------+--------+--------+--------+-----+--------+
         Total |  19219 |  18582 |    637 |   1374 |  14699 |  15 | 1281.3 |
       Dungeon |  13798 |  13327 |    471 |   1112 |  10450 |  11 | 1254.4 |
        Temple |     54 |      9 |     45 |      0 |      0 |   1 |   54.0 |
          Lair |   5366 |   5245 |    121 |    262 |   4249 |   3 | 1788.7 |
               +--------+--------+--------+--------+--------+-----+--------+

Top non-repeatable levels by time:
  Lair:2: 2946 daAuts
     D:5: 2200 daAuts
  Lair:1: 1496 daAuts
     D:2: 1489 daAuts
     D:6: 1437 daAuts
    D:11: 1388 daAuts
     D:7: 1372 daAuts
     D:1: 1355 daAuts
     D:4: 1316 daAuts
    D:10: 1251 daAuts
     D:3: 1068 daAuts
  Lair:3: 923 daAuts
     D:8: 677 daAuts
     D:9: 241 daAuts
  Temple: 54 daAuts
